 Dungeon Crawl Stone Soup version 0.22-a0-398-g8bb545f033 (webtiles) character file.

119 Chiseanne the Skirmisher (level 5, -7/43 HPs)
             Began as a Barachi Skald on May 5, 2018.
             Was an Initiate of Okawaru.
             Killed by divine providence
             ... invoked by an orc priest
              (17 damage)
             ... on level 3 of the Dungeon.
             The game lasted 00:06:49 (3327 turns).

Chiseanne the Skirmisher (Barachi Skald)            Turns: 3327, Time: 00:06:49

Health: -7/43      AC:  3    Str: 13    XL:     5   Next: 3%
Magic:  8/8        EV: 13    Int: 13    God:    Okawaru [......]
Gold:   120        SH:  0    Dex: 12    Spells: 7/8 levels left

rFire    + . .     SeeInvis .   a - +0 falchion
rCold    . . .     Gourm    .   (no shield)
rNeg     . . .     Faith    .   b - +0 leather armour
rPois    .         Spirit   .   (no helmet)
rElec    .         Reflect  .   (no cloak)
rCorr    .         Harm     .   (no gloves)
MR       .....                  (no boots)
Stlth    +.........             (no amulet)
HPRegen  0.14/turn              i - ring of protection from fire
MPRegen  0.11/turn              (no ring)

@: slow
A: +LOS, swims, slowness 1, strong legs 1
a: Hop, Renounce Religion


You were on level 3 of the Dungeon.
You worshipped Okawaru.
Okawaru was noncommittal.
You were not hungry.

You visited 1 branch of the dungeon, and saw 3 of its levels.

You collected 120 gold pieces.

Inventory:

Hand Weapons
 a - a +0 falchion (weapon)
Missiles
 f - 31 sling bullets
 h - 65 arrows
 j - 43 stones (quivered)
Armour
 b - a +0 leather armour (worn)
Jewellery
 i - a ring of protection from fire (left hand)
Scrolls
 g - a scroll of identify
Potions
 c - a potion of haste {unknown}
Comestibles
 d - 3 rations
 k - 3 chunks of flesh


   Skills:
 * Level 4.6 Fighting
 - Level 2.4 Long Blades
 - Level 1.2 Armour
 * Level 4.1 Dodging
 - Level 2.1 Spellcasting
 - Level 3.2 Charms


You had 7 spell levels left.
You knew the following spells:

 Your Spells              Type           Power        Failure   Level  Hunger
a - Infusion              Chrm           #...         9%          1    ##.....


Dungeon Overview and Level Annotations

Branches:
Dungeon (3/15)

Altars:
Okawaru
Wu Jian


Innate Abilities, Weirdness & Mutations

Shadows flee at your approach. (+LOS)
You can swim through water.
You cover ground slowly.
You can hop short distances.


Message History

You hit the orc priest.
The orc priest is heavily wounded.
The orc priest hits you with a flail.
You hit the orc priest but do no damage.
The orc priest is heavily wounded.
The orc priest hits you with a flail.
You closely miss the orc priest.
The orc priest is heavily wounded.
The orc priest mumbles some strange prayers to Beogh against you.
Beogh smites you!
You hear an angry hiss.
You hit the orc priest.
The orc priest is heavily wounded.
The orc priest hits you with a flail!
* * * LOW HITPOINT WARNING * * *
You barely miss the orc priest.
The orc priest is heavily wounded.
The orc priest invokes the aid of Beogh against you.
Beogh smites you!
You die...

.. ## . .# #. .#
###. #. .##....o
#.. ##....#...
#####.###.........
.....(.........#
######.o###.....>
#....<@.# ###.
#####......./..#
#.....####..
.S.###.$# .####
#... #. ###.# # #


You could see an orc priest and a ball python.

Vanquished Creatures
  2 adders (D:2)
  A gnoll (D:2)
  2 worms (D:2)
  2 dart slugs
  3 leopard geckos
  4 orcs (D:2)
  3 giant cockroaches
  7 goblins
  8 hobgoblins
  4 jackals (D:2)
  3 quokkas (D:2)
  9 bats
  A frilled lizard (D:2)
  14 kobolds
  7 rats
70 creatures vanquished.

Notes
Turn   | Place    | Note
-------+----------+-------------------------------------------
     0 | D:1      | Chiseanne the Barachi Skald began the quest for the Orb.
     0 | D:1      | Reached XP level 1. HP: 17/17 MP: 3/3
   389 | D:1      | Reached XP level 2. HP: 23/23 MP: 5/5
   796 | D:1      | Reached XP level 3. HP: 29/29 MP: 6/6
  2012 | D:2      | Reached XP level 4. HP: 37/37 MP: 7/7
  2443 | D:2      | Found an iron altar of Okawaru.
  2728 | D:2      | Became a worshipper of Warmaster Okawaru
  3071 | D:2      | Found an iron altar of Okawaru.
  3071 | D:2      | Found an ornate altar of the Wu Jian Council.
  3115 | D:2      | Reached XP level 5. HP: 40/43 MP: 8/8
  3327 | D:3      | Killed from afar by an orc priest

Vault maps used:
D:1:      dpeg_arrival_another_circle, minmay_curled_crystal, minmay_hexomino_u4
D:2:      gammafunk_temple_overflow_wave, minmay_misc_feat_five,
          okawaru_altar_gauntlet_db
D:3:      chequers_ecumenical_altar_simple, first_ration

Skill      XL: |  1  2  3  4 |
---------------+-------------+-----
Fighting       | 3 4 |  4.6
Dodging        | 3 4 |  4.1
Long Blades    | |  2.4
Armour         | |  1.2
Spellcasting   | |  2.1
Charms         | |  3.2

Action                   |  1- 3 |  4- 6 || total
-------------------------+-------+-------++-------
Melee: Falchion          |   147 |   100 ||   247
  Use: Scroll            |     4 |       ||     4
       Potion            |       |     1 ||     1
  Eat: Chunk             |     4 |     5 ||     9
Armor: Leather armour    |    37 |    27 ||    64
Dodge: Dodged            |   131 |   106 ||   237
       Rpst.: Falchion   |    43 |    32 ||    75

Table legend:
 A = Spawn XP
 B = Non-spawn XP
 C = Spawn XP percentage of total XP
 D = Spawn monster count
 E = Non-spawn monster count
 F = Spawn count percentage of total count
 G = Total turns spent on level
                    A         B        C        D         E        F      G
               +---------+---------+-------+---------+---------+-------+---------
         Total |       0 |     171 |   0.0 |       0 |      70 |   0.0 |  3327
               +---------+---------+-------+---------+---------+-------+---------
           D:1 |       0 |      43 |   0.0 |       0 |      25 |   0.0 |  1160
           D:2 |       0 |     128 |   0.0 |       0 |      45 |   0.0 |  2148
               +---------+---------+-------+---------+---------+-------+---------
